 Dungeon Crawl Stone Soup version 0.28-a0-194-g42b4daccc1 (webtiles) character file.

Game seed: 12167125977690712862

270 timneilson the Shield-Bearer (level 6, -15/38 HPs)
             Began as a Gargoyle Fighter on Aug 18, 2021.
             Demolished by a two-headed ogre (20 damage)
             ... on level 4 of the Dungeon.
             The game lasted 00:05:14 (4783 turns).

timneilson the Shield-Bearer (Gargoyle Fighter)     Turns: 4783, Time: 00:05:16

Health: -15/38     AC: 15    Str: 21    XL:     6   Next: 22%
Magic:  6/6        EV:  5    Int:  9    God:
Gold:   91         SH:  9    Dex:  9    Spells: 5/5 levels left

rFire   . . .      SeeInvis .   a - +1 long sword
rCold   . . .      Faith    .   c - +1 kite shield
rNeg    + . .      Spirit   .   h - +0 chain mail
rPois   ∞          Reflect  .   (no helmet)
rElec   +          Harm     .   (no cloak)
rCorr   .          Rampage  .   i - +0 pair of gloves
Will    .....                   (no boots)
Stlth   ..........              (no amulet)
HPRegen 0.12/turn               (no ring)
MPRegen 0.10/turn               (no ring)

@: mighty
A: sickness immunity, AC +4, negative energy resistance 1, electricity
resistance, torment resistance 1, petrification resistance
a: no special abilities


You were on level 4 of the Dungeon.
You visited 1 branch of the dungeon, and saw 4 of its levels.

You collected 91 gold pieces.

Inventory:

Hand Weapons
 a - a +1 long sword (weapon)
Armour
 c - a +1 kite shield (worn)
 h - a +0 chain mail (worn)
 i - a +0 pair of gloves (worn)
Scrolls
 e - a scroll of summoning {unknown}
 f - a scroll of enchant weapon
 j - a scroll of magic mapping
 k - a scroll of holy word {unknown}
Potions
 d - 2 potions of might
 g - 2 potions of flight
 l - a potion of brilliance
 m - a potion of heal wounds
 o - 2 potions of curing
 p - a potion of ambrosia


   Skills:
 + Level 4.1 Fighting
 * Level 3.3 Long Blades
 * Level 4.8 Armour
 * Level 4.9 Shields


You had 5 spell levels left.
You didn't know any spells.
Your spell library contained the following spells:

 Spells                   Type           Power      Damage    Failure   Level
 Corpse Rot               Necr/Air       N/A        N/A       100%        2
 Poisonous Vapours        Pois/Air       0%         N/A       100%        2
 Freezing Cloud           Conj/Ice/Air   0%         6-21      100%        5


Dungeon Overview and Level Annotations

Branches:
Dungeon (4/15)
 Temple: D:4-7

Altars:
Xom

Shops:
D:3 *


Innate Abilities, Weirdness & Mutations

You are immune to sickness and miasma.
Your stone body is resilient. (AC +4)
You are immune to poison.
You resist negative energy. (rN+)
You are resistant to electric shocks. (rElec)
You are resistant to unholy torment.
You are immune to petrification.


Message History

A two-headed ogre comes into view.
It is wielding a +0 giant club and a +0 dire flail.
The two-headed ogre shouts in stereo!
Okay, then.
It was a potion of resistance.
You feel protected.
It was a potion of cancellation.
Your magical effects are unravelling.
You feel magically purged.
Your resistance to elements expires.
It was a potion of ambrosia.
You are confused.
You feel invigorated.
You feel very mighty all of a sudden.
You're too confused to move!
The two-headed ogre hits you with a +0 giant club!
The two-headed ogre hits you with a +0 dire flail!
You bump into the rock wall.
You closely miss the two-headed ogre.
The two-headed ogre hits you with a +0 giant club!
The two-headed ogre hits you but does no damage.
You're too confused to move!
You feel less invigorated.
You feel less confused.
The two-headed ogre hits you but does no damage. x2
You barely miss the two-headed ogre.
The two-headed ogre hits you with a +0 giant club!!
Ouch! That really hurt!
* * * LOW HITPOINT WARNING * * *
You block the two-headed ogre's attack.
You slice the two-headed ogre!!
The two-headed ogre is moderately wounded.
The two-headed ogre completely misses you.
You block the two-headed ogre's attack.
You slash the two-headed ogre!
The two-headed ogre is heavily wounded.
The two-headed ogre barely misses you.
The two-headed ogre hits you with a +0 dire flail.
* * * LOW HITPOINT WARNING * * *
The two-headed ogre hits you with a +0 giant club!!
Ouch! That really hurt!
You die...

#.#.# #.#
#.#.# #.#
#.#.### #.#
#.#.#.. #.#
#...#.# #.#
###..##.#
#.#
#....##.#
#.#
#.##.##.#
######.#
#.##@##.#
#......#
#...O...#
#.######
####.####
#.#
#.......#.#
#######.#.#
#.# #.# #.#
##### #.#


You could see a two-headed ogre.

Vanquished Creatures
  A sky beast (D:4)
  An orc priest (D:3)
  Natasha (twice) (D:4)
  3 adders
  An adder skeleton (D:4)
  2 worms
  A dart slug (D:3)
  2 orcs (D:3)
  8 endoplasms
  2 giant cockroaches (D:1)
  7 goblins
  6 hobgoblins
  8 kobolds
  4 quokkas
  4 ball pythons
  5 bats
  3 rats
60 creatures vanquished.

Notes
Turn   | Place    | Note
-------+----------+-------------------------------------------
     0 | D:1      | timneilson the Gargoyle Fighter began the quest for the
                  | Orb.
     0 | D:1      | Reached XP level 1. HP: 14/14 MP: 1/1
   424 | D:1      | Reached XP level 2. HP: 19/19 MP: 2/2
   674 | D:1      | Found a faded altar of an unknown god.
  1327 | D:1      | Reached XP level 3. HP: 23/23 MP: 3/3
  1630 | D:2      | Found a shimmering altar of Xom.
  2372 | D:3      | Found Folusew's Assorted Antiques.
  2441 | D:3      | Reached XP level 4. HP: 28/28 MP: 4/4
  3926 | D:4      | Reached XP level 5. HP: 25/33 MP: 5/5
  4105 | D:4      | Noticed Natasha
  4117 | D:4      | Killed Natasha
  4537 | D:4      | Noticed a sky beast
  4555 | D:4      | Killed a sky beast
  4556 | D:4      | Reached XP level 6. HP: 36/38 MP: 6/6
  4556 | D:4      | Noticed Natasha
  4563 | D:4      | Killed Natasha
  4770 | D:4      | Noticed a two-headed ogre
  4783 | D:4      | Demolished by a two-headed ogre

Illustrated notes

Levels and vault maps discovered:
D:1:      dpeg_arrival_tiny_h, layout_loops_corners,
          ebering_ecumenical_altar_box
D:2:      layout_basic, basic_altar
D:3:      layout_basic, serial_shops, shop
D:4:      layout_basic, ebering_ghost_disaster_area, chequers_jeans,
          uniq_natasha, uniq_robin

Skill      XL: |  1  2  3  4  5 |
---------------+----------------+-----
Long Blades    | 2 3 |  3.3
Shields        | 4 |  4.9
Armour         | 4 |  4.8
Fighting       | 4 |  4.1

Action                   |  1- 3 |  4- 6 || total
-------------------------+-------+-------++-------
Melee: Long sword        |   117 |   101 ||   218
  Use: Scroll            |     8 |     2 ||    10
       Potion            |       |     5 ||     5
Armor: Scale mail        |    63 |    12 ||    75
       Chain mail        |       |    62 ||    62
Dodge: Dodged            |    36 |    23 ||    59
Block: Kite shield       |    64 |    48 ||   112
       Rpst.: Long sword |    11 |     3 ||    14

Table legend: (Time is in decaauts)
 A = Elapsed time spent in this place.
 B = Non-inter-level travel time spent in this place.
 C = Inter-level travel time spent in this place.
 D = Time resting spent in this place.
 E = Time spent auto-exploring this place.
 F = Levels seen in this place.
 G = Mean time per level.
                   A        B        C        D        E       F      G
               +--------+--------+--------+--------+--------+-----+--------+
         Total |   4908 |   4766 |    142 |    478 |   3688 |   4 | 1227.0 |
       Dungeon |   4908 |   4766 |    142 |    478 |   3688 |   4 | 1227.0 |
               +--------+--------+--------+--------+--------+-----+--------+

Top non-repeatable levels by time:
     D:1: 1571 daAuts
     D:3: 1536 daAuts
     D:4: 964 daAuts
     D:2: 836 daAuts
